Map: Dusk Towers

Players

AcerNerchio (Nerchio) - Winner!

  • Race: Zerg Zerg

viOLet

  • Race: Zerg Zerg
  • League: Grandmaster

VOD

Have the link to the VOD?

Description

Time

  • Played on: Dec. 14, 2015, 7 p.m.
  • Length: 10:26
Show
View Real Time Build Order
Export as new Build Order

AcerNerchio Zerg - Winner!

Build Orders: Hatch First 

Get SALT Encoding   

  12  0:00  Drone  
  13  0:12  Overlord  
  13  0:18  Drone  
  14  0:31  Drone x2  
  14  0:34  Drone  
  17  0:52  Hatchery  
  17  0:55  Drone  
  17  0:59  Drone  
  18  1:07  Extractor  
  17  1:14  Spawning Pool  
  17  1:17  Drone  
  17  1:21  Drone  
  18  1:28  Drone  
  19  1:38  Overlord  
  19  1:49  Drone  
  20  2:01  Queen  
  20  2:02  Zergling x2  
  20  2:04  Queen  
  20  2:06  Metabolic Boost  
  25  2:09  Drone  
  25  2:12  Drone  
  25  2:15  Drone  
  28  2:22  Drone  
  29  2:30  Drone  
  29  2:33  Drone  
  31  2:39  Queen  
  31  2:40  Overlord  
  32  2:45  Drone  
  33  2:54  Roach Warren  
  33  2:56  Zergling x4  
  34  2:59  Zergling x2  
  34  3:05  Zergling x2  
  36  3:09  Drone x4  
  36  3:12  Overlord  
  40  3:15  Drone  
  41  3:22  Drone x2  
  41  3:23  Overlord  
  43  3:41  Hatchery  
  43  3:43  Roach  
  43  3:44  Evolution Chamber  
  43  3:47  Roach  
  45  3:49  Drone x2  
  45  3:50  Drone  
  45  3:53  Drone  
  49  3:57  Drone x2  
  49  3:59  Drone  
  49  4:00  Drone  
  49  4:02  Extractor  
  52  4:10  Overlord  
  52  4:12  Queen  
  52  4:14  Zerg Missile Weapons Level 1  
  52  4:23  Roach x4  
  59  4:27  Spine Crawler  
  57  4:32  Roach x2  
  61  4:39  Evolution Chamber  
  61  4:44  Overlord x2  
  60  5:00  Drone x2  
  60  5:01  Drone  
  60  5:02  Roach x3  
  60  5:04  Queen  
  71  5:10  Drone x2  
  71  5:11  Roach  
  71  5:12  Roach  
  77  5:17  Roach  
  77  5:20  Overlord  
  79  5:21  Overlord  
  79  5:27  Extractor  
  78  5:40  Roach  
  78  5:42  Roach  
  70  5:44  Roach x6  
  70  5:45  Roach  
  80  5:50  Roach  
  80  5:53  Drone x2  
  80  5:55  Queen x2  
  88  5:58  Roach  
  88  6:00  Overlord  
  88  6:03  Overlord  
  90  6:10  Overlord  
  80  6:21  Roach x2  
  80  6:24  Drone x3  
  83  6:28  Drone  
  83  6:29  Drone x3  
  83  6:31  Drone, Ravager x2  
  88  6:33  Lair  
  88  6:39  Drone, Queen  
  89  6:40  Extractor  
  89  6:43  Roach, Extractor  
  89  6:45  Roach  
  93  6:51  Roach x2  
  93  6:52  Roach  
  99  7:03  Ravager  
  101  7:08  Ravager  
  101  7:09  Drone x6  
  101  7:10  Drone x3  
  101  7:13  Overlord, Extractor  
  109  7:25  Overlord  
  109  7:27  Drone x2  
  109  7:29  Overlord  
  111  7:35  Overlord  
  111  7:36  Zerg Missile Weapons Level 2  
  111  7:38  Zerg Ground Armor Level 1  
  111  7:39  Glial Reconstitution  
  111  7:48  Roach  
  111  7:49  Roach x3  
  119  7:52  Roach  
  119  7:53  Roach  
  119  7:55  Roach  
  119  7:57  Drone x2  
  119  7:58  Drone  
  128  7:59  Drone  
  128  8:05  Drone x2  
  131  8:08  Hydralisk Den  
  131  8:10  Roach x3  
  136  8:16  Roach  
  136  8:17  Roach x2  
  136  8:25  Overseer  
  136  8:26  Ravager  
  136  8:27  Ravager  
  138  8:28  Roach x4  
  138  8:30  Overlord  
  138  8:31  Overlord  
  146  8:35  Overlord  
  146  8:37  Overlord  
  146  8:39  Overlord  
  146  8:43  Overlord  
  146  8:44  Overlord  
  146  8:48  Lurker Den  
  146  9:03  Hatchery  
  146  9:04  Roach x5  
  146  9:09  Roach x3  
  159  9:11  Roach  
  159  9:14  Roach  
  159  9:15  Roach  
  134  9:17  Roach  
  134  9:18  Roach  
  134  9:21  Roach x4  
  134  9:22  Roach  
  146  9:24  Roach  
  146  9:25  Ravager  
  146  9:27  Roach  
  146  9:28  Ravager x3  
  146  9:31  Roach  
  154  9:33  Roach  
  154  9:36  Roach  
  154  9:37  Roach  
  158  9:38  Roach  
  158  9:40  Roach  
  158  9:42  Roach  
  152  9:46  Roach  
Show
View Real Time Build Order
Export as new Build Order

viOLet Zerg 

Build Orders: Hatch First 

Get SALT Encoding   

  12  0:01  Drone  
  13  0:07  Drone  
  14  0:17  Overlord  
  14  0:25  Drone, Extractor  
  15  0:36  Drone x2  
  17  0:52  Hatchery  
  17  0:55  Drone  
  17  1:09  Spawning Pool  
  17  1:11  Drone  
  17  1:14  Drone  
  17  1:18  Drone  
  19  1:28  Drone  
  19  1:29  Extractor  
  19  1:43  Overlord  
  19  1:57  Queen  
  19  1:59  Zergling x2  
  22  2:03  Queen  
  22  2:05  Drone x2  
  26  2:09  Drone  
  26  2:15  Baneling Nest  
  26  2:18  Drone  
  26  2:21  Drone  
  28  2:32  Queen  
  30  2:37  Drone x2  
  32  2:48  Metabolic Boost  
  32  2:49  Drone  
  32  2:50  Drone x2  
  34  2:53  Overlord  
  34  3:01  Zergling x2  
  35  3:12  Drone x4  
  39  3:13  Overlord  
  39  3:14  Baneling  
  39  3:20  Zergling x2  
  39  3:21  Overlord  
  39  3:24  Queen  
  39  3:25  Baneling  
  39  3:26  Baneling  
  42  3:30  Drone  
  43  3:35  Extractor  
  43  3:36  Roach Warren  
  43  3:40  Drone x3  
  44  3:43  Drone  
  45  3:49  Zergling x8  
  45  3:51  Zergling x2  
  50  4:00  Zergling x6  
  53  4:03  Overlord  
  53  4:19  Roach x3  
  53  4:22  Roach x2  
  53  4:23  Roach  
  64  4:29  Overlord x2, Roach  
  66  4:42  Overlord  
  66  4:52  Zergling x8  
  69  4:55  Zergling x8  
  73  5:00  Zergling x6  
  73  5:06  Baneling x2  
  73  5:07  Baneling x9  
  76  5:09  Baneling  
  76  5:13  Zergling x2  
  76  5:14  Zergling x2  
  78  5:27  Zergling x10  
  78  5:28  Zergling x6  
  86  5:31  Zergling x2  
  86  5:42  Zergling x6  
  72  5:54  Ravager x3  
  72  5:55  Zergling x4  
  77  5:57  Zergling x2  
  77  5:58  Zergling x10  
  77  6:01  Ravager  
  84  6:05  Evolution Chamber  
  84  6:10  Zergling x2  
  80  6:13  Zergling x2  
  73  6:20  Zergling x2  
  73  6:23  Zergling x2  
  60  6:27  Lair  
  60  6:29  Drone x6  
  60  6:31  Extractor  
  65  6:36  Zergling x2  
  65  6:38  Zerg Missile Weapons Level 1  
  66  6:42  Drone x2  
  66  6:44  Hatchery  
  67  7:04  Roach x4  
  67  7:05  Roach  
  67  7:06  Overlord x2  
  67  7:07  Roach x2  
  81  7:10  Queen  
  81  7:13  Overlord  
  83  7:21  Roach  
  85  7:25  Glial Reconstitution  
  85  7:26  Overlord  
  85  7:33  Roach x3  
  85  7:35  Roach  
  93  7:38  Overlord  
  93  7:42  Roach  
  95  7:47  Roach  
  97  7:54  Overlord x2  
  97  7:57  Ravager  
  98  8:01  Roach x3  
  104  8:08  Roach  
  106  8:16  Roach x3  
  106  8:19  Roach  
  108  8:20  Roach  
  108  8:21  Overlord x2  
  108  8:23  Roach  
  110  8:28  Ravager  
  111  8:35  Roach x2  
  111  8:37  Overlord  
  115  8:43  Roach x2  
  115  8:45  Roach  
  121  8:51  Roach x2  
  121  8:54  Roach  
  127  8:58  Roach  
  120  9:13  Roach x3  
  120  9:15  Roach  
  116  9:19  Roach x2  
  116  9:20  Roach  
  116  9:21  Zergling x16  
  126  9:39  Roach  
  126  9:44  Roach  
Tags
 
Add a new tag
Caveats
  • Supply blocks, unpowered buildings, or Contaminate may cause inaccurate times.
  • Supply counts are checked every 10 seconds.